 Dungeon Sprint DCSS version 0.31-a0-43-g46d131a48f (webtiles) character file.

Game seed: 12280901545502554274

757 sircluck the Grappler (level 7, -19/80 HPs)
             Began as a Troll Berserker on May 19, 2023.
             Was an Elder of Trog.
             Engulfed by a cloud of freezing vapour (27 damage)
             ... in the Dungeon (Sprint II: "The Violet Keep of Menkaure").
             The game lasted 00:00:54 (130 turns).

sircluck the Grappler (Troll Berserker)              Turns: 130, Time: 00:00:54

Health: -19/80     AC:  4    Str: 28      XL:     7   Next: 50%
Magic:  6/6        EV: 12    Int:  1 (3)  God:    Trog [****..]
Gold:   486        SH:  0    Dex:  9      Spells: 6/6 levels left

rFire   . .          .
                       - Unarmed
rCold   . . .        (no shield)
rNeg    . . .        a - +0 animal skin
rPois   .            (helmet restricted)
rElec   .            (no cloak)
rCorr   .            (gloves unavailable)
SInv    .            (boots unavailable)
Will    .....        (no amulet)
Stlth   +            (no ring)
HPRegen 1.13/turn    (no ring)
MPRegen 0.10/turn

%: no teleportation
@: slowed, lost intelligence, unable to read, unable to drink, very slow
A: large, unfitting armour, claws 3, regeneration 1, shaggy fur 1, tough skin 1,
screaming 1, inability to drink after injury 1
a: Renounce Religion, Berserk, Trog's Hand, Brothers in Arms


You were in the Dungeon.
You worshipped Trog.
Trog was greatly pleased with you.
You visited 1 branch You collected 486 gold pieces.

Inventory:

Armour
 a - a +0 animal skin (worn)
Scrolls
 g - a scroll of blinking
Potions
 b - a potion of curing
 c - a potion of heal wounds
 d - a potion of haste
 e - 2 potions of magic
 f - a potion of berserk rage


   Skills:
 + Level 8.1 Fighting
 + Level 8.3 Dodging
 + Level 10.7 Unarmed Combat


You had 6 spell levels left.
You didn't know any spells.
Your spell library was empty.

Dungeon Overview and Level Annotations

Branches:
Dungeon (1/1)

Altars:

Shops:
D !![?=[=::([!*?

Annotations:
D exclusion: ice statue


Innate Abilities, Weirdness & Mutations

You are too large for most types of armour.
You have claws for hands.
Your natural rate of healing is unusually fast.
You are covered in fur. (AC +1)
You have tough skin. (AC +1)
You occasionally shout uncontrollably at your foes.
You occasionally lose the ability to drink potions when taking damage.


Message History

You kill the neqoxec!
Trog accepts your kill.
You feel your intelligence returning.
Your Fighting skill increases to level 8!
Your Dodging skill increases to level 8!
Really walk into a travel-excluded area? [Y]es or [N]o only, please.
Really walk into a travel-excluded area? [Y]es or [N]o only, please.
Really walk into a travel-excluded area? [Y]es or [N]o only, please.
Really walk into a travel-excluded area? [Y]es or [N]o only, please.
Really walk into a travel-excluded area? [Y]es or [N]o only, please.
Really walk into a travel-excluded area? [Y]es or [N]o only, please.
Really walk into a travel-excluded area? [Y]es or [N]o only, please.
Really walk into a travel-excluded area? [Y]es or [N]o only, please.
Really walk into a travel-excluded area? [Y]es or [N]o only, please.
Really walk into a travel-excluded area?
Marking area around an ice statue as unsafe for travelling.
A neqoxec comes into view.
The neqoxec shouts!
There is an open door here.
Really walk into that cloud of freezing vapour? [Y]es or [N]o only, please.
Really walk into that cloud of freezing vapour?
You enter the shallow water.
You are engulfed in freezing vapours.
* * * LOW HITPOINT WARNING * * *
The neqoxec is engulfed in freezing vapours.
The neqoxec gestures at you.
Strange energies course through your body.
You feel the urge to shout.
Which direction?
You close the gate.
You are engulfed in freezing vapours.
You die...

.∩.∩..#~#..†##.##...#
....∩.+~'##.'.<.†.##+
...∩.∩#~#.####.##†..#
▓▓▓▓###~##†###'###.##
E######~~####.######
$ ##~ #.##..# ~ +#
##.$.# ~~§
#~~##'##~~~§§
#~~~@~~~~§~§
#+++#+++#~≈§ #°≈≈≈≈
#3°☼≈≈○≈ §§≈≈°○8≈°°
§##≈°°≈≈≈≈≈°
##°≈○≈≈°≈## ####+####


You could see an ice statue.

Vanquished Creatures
  3 neqoxecs (D)
  Menkaure (D)
  4 necrophages (D)
  3 worms (D)
11 creatures vanquished.

Notes
Turn   | Place    | Note
-------+----------+-------------------------------------------
     0 | D        | sircluck the Troll Berserker began the quest for the Orb.
     0 | D        | Reached XP level 1. HP: 22/22 MP: 0/0
     1 | D        | Noticed a boulder beetle
     1 | D        | Noticed a boulder beetle
     5 | D        | Noticed a necrophage
     5 | D        | Noticed a necrophage
     5 | D        | Noticed a necrophage
     5 | D        | Noticed a necrophage
    10 | D        | Killed a necrophage
    11 | D        | Reached skill level 5 in Unarmed Combat
    11 | D        | Reached XP level 2. HP: 33/33 MP: 1/1
    11 | D        | Reached XP level 3. HP: 40/40 MP: 2/2
    16 | D        | Killed a necrophage
    17 | D        | Reached skill level 5 in Fighting
    17 | D        | Reached skill level 5 in Dodging
    17 | D        | Reached skill level 6 in Unarmed Combat
    17 | D        | Reached XP level 4. HP: 50/50 MP: 3/3
    20 | D        | Killed a necrophage
    20 | D        | Reached ** piety under Trog
    21 | D        | Reached skill level 7 in Unarmed Combat
    21 | D        | Reached XP level 5. HP: 47/59 MP: 4/4
    81 | D        | Found Umutuapi's Magic Scroll Shop.
    82 | D        | Found Zoev's Armour Boutique.
    82 | D        | Found Baka's Antique Weapon Shop.
    82 | D        | Found Zitiq Beible's Jewellery Boutique.
    82 | D        | Found Hanalaurr's Book Boutique.
    82 | D        | Found Vibaito's Magic Scroll Shop.
    82 | D        | Found Atsiru's Jewellery Shop.
    82 | D        | Found Igimuegha's Book Shop.
    82 | D        | Found Zotaetal's Antique Armour Boutique.
    82 | D        | Found Qaomuvel's Distillery.
    82 | D        | Found Qyocon's Antique Armour Boutique.
    84 | D        | Reached *** piety under Trog
    88 | D        | Found Camups's General Store.
    88 | D        | Found Qolaum's Distillery.
    88 | D        | Found Domp's Distillery.
    88 | D        | Noticed Menkaure
    88 | D        | Noticed an iron elemental
    94 | D        | Killed Menkaure
    95 | D        | Reached skill level 8 in Unarmed Combat
    95 | D        | Reached XP level 6. HP: 64/71 MP: 5/5
   105 | D        | Noticed a neqoxec
   112 | D        | Killed a neqoxec
   113 | D        | Reached skill level 9 in Unarmed Combat
   114 | D        | Noticed a neqoxec
   115 | D        | Noticed a neqoxec
   117 | D        | Lost intelligence.
   120 | D        | Gained mutation: You occasionally lose the ability to drink
                  | potions when taking damage. [a neqoxec]
   122 | D        | Killed a neqoxec
   122 | D        | Reached **** piety under Trog
   123 | D        | Reached skill level 10 in Unarmed Combat
   123 | D        | Reached XP level 7. HP: 49/79 MP: 6/6
   126 | D        | Killed a neqoxec
   127 | D        | Noticed an ice statue
   128 | D        | Noticed a neqoxec
   129 | D        | Gained mutation: You occasionally shout uncontrollably at
                  | your foes. [a neqoxec]
   130 | D        | Engulfed by a cloud of freezing vapour

Illustrated notes

Levels and vault maps discovered:
D:        the_violet_keep_of_menkaure [sprint2_stairs_cluster_1,
          sprint2_shoproom, sprint2_temple, sprint2_basic_supplies,
          sprint2_obstacle_2, sprint2_obstacle_3, sprint2_obstacle_4,
          sprint2_obstacle_6, sprint2_obstacle_7, sprint2_timed_cluster_1,
          sprint2_smallroom_cluster_1, sprint2_smallroom_final_cluster_1,
          sprint2_transparent_cluster_1, sprint2_second_timed_cluster_1,
          sprint2_sniper_area_1, sprint2_heavy_combat_area_1,
          sprint2_mutation_trap_area_1, sprint2_forest_area_1,
          sprint2_light_combat_area_1, sprint2_behind_water_1,
          sprint2_near_end_vault_1]

Skill      XL: |  1  2  3  4  5  6  7 |
---------------+----------------------+-----
Fighting       | 4 5 7 8 |  8.1
Dodging        | 4 5 7 8 |  8.3
Unarmed Combat | 5 6 7 8 10 | 10.7

Action                     |  1- 3 |  4- 6 |  7- 9 || total
---------------------------+-------+-------+-------++-------
  Melee: Unarmed           |     8 |    27 |     4 ||    39
         Punch             |       |     2 |       ||     2
 Invoke: Berserk           |     1 |       |       ||     1
 Armour: Animal skin       |     3 |     2 |       ||     5
  Dodge: Dodged            |     6 |     7 |       ||    13

Table legend: (Time is in decaauts)
 A = Elapsed time spent in this place.
 B = Non-inter-level travel time spent in this place.
 C = Inter-level travel time spent in this place.
 D = Time resting spent in this place.
 E = Time spent auto-exploring this place.
 F = Levels seen in this place.
 G = Mean time per level.
                   A        B        C        D        E       F      G
               +--------+--------+--------+--------+--------+-----+--------+
         Total |    140 |    130 |     10 |      0 |      1 |   1 |  140.0 |
       Dungeon |    140 |    130 |     10 |      0 |      1 |   1 |  140.0 |
               +--------+--------+--------+--------+--------+-----+--------+

Top non-repeatable levels by time:
       D: 140 daAuts
